 Dungeon Crawl Stone Soup version 0.31.0-12-g77e489cdc1 (webtiles) character file.

Game seed: 3760663267207374458

5318 CheiChai the Skirmisher (level 10, -4/71 (79) HPs)
             Began as a Human Hunter on Feb 15, 2024.
             Was an Initiate of Ashenzari.
             Slain by Grum
             ... wielding a +0 glaive
              (14 damage)
             ... on level 8 of the Dungeon.
             The game lasted 00:18:53 (9187 turns).

CheiChai the Skirmisher (Human Hunter)              Turns: 9187, Time: 00:18:55

HP:   -4/71 (79)    AC: 10    Str: 12    XL:     10   Next: 64%
MP:   10/10         EV: 14    Int: 10    God:    Ashenzari [......]
Gold: 241           SH:  0    Dex: 20    Spells: 9/9 levels left

rFire   + . .        y - +1 arbalest (elec)
rCold   . . .        (shield currently unavailable)
rNeg    + . .        E - +2 ring mail {rF+}
rPois   .            (no helmet)
rElec   .            l - +0 cloak
rCorr   .            o - +0 pair of gloves "Perceptive Bitterness" {Range, Self} (curse)
SInv    .            (no boots)
Will    +....        (no amulet)
Stlth   +++          j - ring of positive energy
HPRegen 0.31/turn    m - ring of willpower
MPRegen 0.12/turn

%: no passive effects
@: attractive, heavily drained
A: explore regen
a: Renounce Religion, Shatter the Chains


You were on level 8 of the Dungeon.
You worshipped Ashenzari.
Ashenzari was noncommittal.
You visited 1 branch of the dungeon, and saw 8 of its levels.

You collected 399 gold pieces.
You spent 158 gold pieces at shops.

Inventory:

Hand Weapons
 a - a +2 rapier of electrocution
 y - a +1 arbalest of electrocution (weapon)
 A - a +6 flail of protection
Missiles
 c - 3 atropa-tipped darts
 z - a throwing net
Armour
 b - +0 steam dragon scales
 l - a +0 cloak (worn)
 o - the cursed +0 pair of gloves "Perceptive Bitterness" (worn) {Range, Self}
   (You found it on level 5 of the Dungeon)

   It has a curse which improves the following skills: Ranged Combat: Ranged
   Weapons and Throwing.
   Introspection: Fighting and Spellcasting.
 E - a +2 ring mail of fire resistance (worn)
 G - a +0 troll leather armour
Jewellery
 f - a ring of resist corrosion
 j - a ring of positive energy (left hand)
 m - a ring of willpower (right hand)
 x - a ring of protection from fire
Talismans
 w - a serpent talisman
Wands
 h - a wand of light (4)
 p - a wand of polymorph (6) (quivered)
 F - a wand of paralysis (9)
Scrolls
 e - a scroll of butterflies
 u - 2 scrolls of enchant weapon
 v - 3 scrolls of amnesia
 B - 3 scrolls of identify
 C - 2 scrolls of vulnerability {unknown}
Potions
 d - 4 potions of curing
 g - 2 potions of heal wounds
 i - a potion of magic
 k - a potion of cancellation
 n - 2 potions of mutation
 q - 2 potions of enlightenment
 s - 2 potions of attraction


   Skills:
 + Level 6.7(7.1) Fighting
 * Level 10.0(10.3) Ranged Weapons
 + Level 6.1 Armour
 + Level 6.5 Dodging
 + Level 6.8 Stealth


You had 9 spell levels left.
You didn't know any spells.
Your spell library contained the following spells:

 Spells                   Type           Power      Damage    Failure   Level
 Foxfire                  Conj/Fire      0%         2x1d4     61%         1
 Freeze                   Ice            0%         1d3       61%         1
 Lesser Beckoning         Tloc           0%         N/A       75%         2
 Gell's Gravitas          Tloc           0%         N/A       93%         3
 Teleport Other           Tloc           0%         N/A       93%         3
 Ignite Poison            Fire/Alch      0%         N/A       100%        4
 Passage of Golubria      Tloc           0%         N/A       100%        4
 Sticky Flame             Fire/Alch      0%         2d4       100%        4
 Silence                  Hex/Air        0%         N/A       100%        5
 Ignition                 Fire           0%         3d3       100%        8
 Lehudib's Crystal Spear  Conj/Erth      0%         10d2      100%        8


Dungeon Overview and Level Annotations

Branches:
Dungeon (8/15)             Temple (0/1) D:7            Lair (0/5) D:8

Altars:
Ashenzari
Gozag
Nemelex Xobeh
Okawaru
Qazlal
Sif Muna
Trog
Uskayaw

Shops:
D:2 (

Annotations:
D:8 3 runed translucent doors, Ayakakio's ghost, novice TrFi; Grum; phunky83's ghost, novice OpFi


Innate Abilities, Weirdness & Mutations

You regain HP and MP as you explore.


Message History

The wolf bites you but does no damage. The wolf closely misses you.
The wolf bites you but does no damage. The wolf completely misses you.
The howler monkey hits you but does no damage.
The wolf bites you but does no damage. The wolf attacks as it pursues you!
The wolf barely misses you. The wolf bites you but does no damage.
You float gracefully downwards.
The wolf bites you. The wolf bites you but does no damage.
The wolf closely misses you.
You open the door.
Your enlightenment fades.
The wolf bites you but does no damage. The wolf bites you!
* * * LOW HITPOINT WARNING * * *
The wolf closely misses you. The wolf barely misses you. x2
The wolf closely misses you. x2; The wolf barely misses you.
The wolf bites you.
* * * LOW HITPOINT WARNING * * *
The wolf closely misses you. The wolf barely misses you.
The wolf bites you but does no damage.
There is an open door here.
It was a potion of cancellation.
Your magical effects are unravelling.
You feel magically purged.
You flicker back into view.
You feel a little less clever now. The wolf bites you.
* * * LOW HITPOINT WARNING * * *
It was a potion of attraction.
You feel attractive to monsters. The wolf closely misses you.
The wolf bites you!
* * * LOW HITPOINT WARNING * * *
The wolf closely misses you. Grum is attracted toward you.
The howler monkey is attracted toward you. x2
You feel much better. The wolf misses you. The wolf bites you. x2
Grum hits you but does no damage. The wolf barely misses you.
The wolf bites you but does no damage. The wolf bites you!
* * * LOW HITPOINT WARNING * * *
The wolf bites you.
* * * LOW HITPOINT WARNING * * *
Grum hits you from afar with a +0 glaive!
You die...

#...#..........'...#.......#
#..)'..........#...#.......#
#...#.........$##'##.......#
#.. #......................#
#. #......................#
# ########ยง##.......!....#
.......g.#......z.....#
........h#z...........#
.......@h'hh..........#
.......hh#hz..........#
.........#............#
##########............#
##############


You could see Grum, 4 wolves, 3 howler monkeys and 2 wights.

Vanquished Creatures
  Maurice (D:8)
  2 trolls (D:8)
  A wyvern (D:8)
  A vampire mosquito (D:6)
  2 steam dragons
  2 humans (D:7)
  Edmund (D:5)
  Menkaure (D:7)
  Duvessa (D:5)
  A water moccasin (D:6)
  A swamp drake (D:7)
  A sky beast (D:7)
  An orc warrior (D:7)
  2 ice beasts
  4 ogres
  A black bear (D:7)
  2 centaurs
  A wolf (D:8)
  5 bullfrogs
  3 scorpions
  2 gnoll sergeants
  A wight (D:8)
  Dowan (D:5)
  5 killer bees (D:8)
  A howler monkey (D:7)
  5 electric eels (D:8)
  4 bombardier beetles (D:5)
  A gnoll bouda (D:5)
  10 hounds
  8 iguanas
  A sleepcap (D:4)
  An orc wizard (D:7)
  6 gnolls (D:5)
  11 adders
  A white imp (D:6)
  4 ufetubi
  A dart slug (D:4)
  10 orcs
  10 endoplasms
  5 goblins
  9 hobgoblins
  3 jackals (D:1)
  3 quokkas
  4 ball pythons
  2 bats
  4 frilled lizards
  9 kobolds
  3 rats (D:1)
159 creatures vanquished.

Notes
Turn   | Place    | Note
-------+----------+-------------------------------------------
     0 | D:1      | CheiChai the Human Hunter began the quest for the Orb.
     0 | D:1      | Reached XP level 1. HP: 16/16 MP: 1/1
   133 | D:1      | Reached XP level 2. HP: 22/22 MP: 2/2
   955 | D:2      | Found Onawkio's Weapon Boutique.
  1008 | D:2      | Reached XP level 3. HP: 27/27 MP: 3/3
  1878 | D:3      | Reached XP level 4. HP: 29/34 MP: 4/4
  1927 | D:3      | Found a sparkling altar of Nemelex Xobeh.
  1986 | D:3      | Found a hide-covered altar of Uskayaw.
  2109 | D:3      | Found an opulent altar of Gozag.
  2671 | D:4      | Reached skill level 1 in Armour
  2686 | D:4      | Reached XP level 5. HP: 30/39 MP: 5/5
  2756 | D:4      | Reached skill level 5 in Ranged Weapons
  2923 | D:4      | Found a stormy altar of Qazlal.
  2923 | D:4      | Noticed an ogre
  2931 | D:4      | Killed an ogre
  2932 | D:4      | Reached XP level 6. HP: 32/47 MP: 6/6
  3053 | D:2      | Bought a +0 arbalest of electrocution for 158 gold pieces
  3694 | D:5      | Entered Level 5 of the Dungeon
  3697 | D:5      | Reached XP level 7. HP: 52/52 MP: 7/7
  3850 | D:5      | Reached skill level 6 in Ranged Weapons
  4295 | D:5      | Found a faded altar of an unknown god.
  4533 | D:5      | Noticed Edmund
  4592 | D:5      | Killed Edmund
  4671 | D:5      | Reached XP level 8. HP: 60/60 MP: 8/8
  4975 | D:5      | Noticed Dowan
  4976 | D:5      | Noticed Duvessa
  5101 | D:6      | Reached skill level 7 in Ranged Weapons
  5352 | D:6      | Noticed a gargoyle
  5353 | D:6      | Reached skill level 5 in Fighting
  5353 | D:6      | Reached XP level 9. HP: 43/68 MP: 9/9
  5804 | D:5      | Reached skill level 5 in Stealth
  5842 | D:5      | Reached skill level 5 in Dodging
  5907 | D:5      | Killed Duvessa
  5908 | D:5      | Reached skill level 8 in Ranged Weapons
  5939 | D:5      | Found a bloodstained altar of Trog.
  5955 | D:5      | Killed Dowan
  6043 | D:5      | Found a shimmering blue altar of Sif Muna.
  6050 | D:5      | Got Sif Muna's Enchiridion on the Summer and Frost
  6650 | D:7      | Found an iron altar of Okawaru.
  6662 | D:7      | Reached skill level 5 in Armour
  6826 | D:7      | Found a broken altar of Ashenzari.
  6945 | D:7      | Became a worshipper of Ashenzari the Shackled
  7019 | D:7      | Noticed Menkaure
  7089 | D:7      | Killed Menkaure
  7090 | D:7      | Reached skill level 9 in Ranged Weapons
  7090 | D:7      | Reached XP level 10. HP: 76/76 MP: 10/10
  7154 | D:7      | Found a staircase to the Ecumenical Temple.
  7394 | D:8      | Found a runed translucent gate.
  7394 | D:8      | Found a runed translucent gate.
  7394 | D:8      | Found a runed translucent gate.
  7396 | D:8      | Noticed phunky83's ghost (novice OpFi)
  7396 | D:8      | Noticed Ayakakio's ghost (novice TrFi)
  7537 | D:8      | Noticed Maurice
  8343 | D:8      | Maurice stole a serpent talisman
  8343 | D:8      | Maurice stole a +6 flail of protection
  8345 | D:8      | Killed Maurice
  9079 | D:8      | Found a staircase to the Lair.
  9136 | D:8      | Reached skill level 10 in Ranged Weapons
  9150 | D:8      | Noticed Grum
  9165 | D:8      | Identified a scroll of acquirement
  9165 | D:8      | Acquired the +5 longbow of Trauma {antimagic, rCorr Str+2
                  | Dex+2}
  9187 | D:8      | Slain by Grum

Illustrated notes

Levels and vault maps discovered:
D:1:      lightli_arrival_windingriver, layout_basic,
          nicolae_figureground_sparkle
D:2:      layout_basic, serial_shops, nicolae_shop_window_shopping,
          dk_noncrumbling_4
D:3:      layout_loops_cross, nicolae_gozag_cash_rules_everything_around_me,
          mainiacjoe_overflow_alcove_2, eat_drink_and_be_merry_uskayaw,
          chequers_serial_rivers_large_a, chequers_serial_rivers_micro_a
D:4:      layout_gridville, nicolae_qazlal_scattered_showers,
          hangedman_decor_opposing, minmay_vboxes
D:5:      layout_cave_pools, nzn_overflow_gifts_of_might_and_magic,
          serial_column_ruins, column_ruins_circle_medium,
          column_ruins_temple_hut, column_ruins_columns_straight,
          column_ruins_columns_water, column_ruins_grid_4, column_ruins_grid_3,
          column_ruins_grid_1, column_ruins_open_small, uniq_edmund
D:6:      minmay_opposing_rooms, layout_basic
D:7:      layout_basic, okawaru_humans, evilmike_ruin_ashenzari,
          minmay_temple_entry_water_ring, serial_bayou_lagoon_b, uniq_menkaure
D:8:      layout_gridville, erik_lair_island, gammafunk_ghost_cemetery,
          uniq_grum, uniq_maurice

Skill      XL: |  1  2  3  4  5  6  7  8  9 10 |
---------------+-------------------------------+-----
Stealth        | 2 3 4 6 |  6.8
Armour         | 1 2 3 4 5 6 |  6.1
Ranged Weapons | 5 6 7 9 10 | 10.0
Fighting       | 3 4 5 6 |  6.7
Dodging        | 3 4 5 6 |  6.5

Action                     |  1- 3 |  4- 6 |  7- 9 | 10-12 || total
---------------------------+-------+-------+-------+-------++-------
  Melee: Dagger            |    25 |    29 |       |       ||    54
   Fire: Shortbow          |    91 |    60 |       |       ||   151
         Arbalest          |       |    29 |   213 |   101 ||   343
 Invoke: Curse Item        |       |       |       |     1 ||     1
  Evoke: Wand              |       |       |       |     1 ||     1
    Use: Potion            |       |     2 |       |     9 ||    11
         Scroll            |       |     6 |       |     2 ||     8
 Armour: Leather armour    |    18 |       |       |       ||    18
         Ring mail         |    12 |    27 |   173 |   127 ||   339
  Dodge: Dodged            |    32 |    28 |   158 |   132 ||   350
